 Dungeon Crawl Stone Soup version 0.26-a0-846-gcc8f1ee719 (webtiles) character file.

Game seed: 3013712546295285688

111 robertstho the Skirmisher (level 4, 0/37 HPs)
             Began as a Demonspawn Abyssal Knight on Nov 19, 2020.
             Was a Believer of Lugonu.
             Succumbed to a scorpion's poison
             ... on level 2 of the Dungeon.
             The game lasted 00:01:52 (1487 turns).

robertstho the Skirmisher (DsAK)                    Turns: 1487, Time: 00:01:52

Health: 0/37       AC:  6    Str: 13      XL:     4   Next: 62%
Magic:  6/6        EV:  9    Int: 12 (13) God:    Lugonu [**....]
Gold:   107        SH:  0    Dex: 11 (13) Spells: 3/3 levels left

rFire    . . .     SeeInvis .   a - +1 spear
rCold    + . .     Faith    .   (no shield)
rNeg     . . .     Spirit   .   n - +0 scale mail (curse)
rPois    .         Reflect  .   (no helmet)
rElec    .         Harm     .   (no cloak)
rCorr    .         Rampage  .   (no gloves)
MR       .....                  (no boots)
Stlth    ..........             (no amulet)
HPRegen  0.12/turn              (no ring)
MPRegen  0.10/turn              (no ring)

@: lethally poisoned (0 -> -2), berserk cooldown, hasted and slowed
A: hooves 1, cold resistance 1
a: Depart the Abyss, Bend Space, Renounce Religion


You were on level 2 of the Dungeon.
You worshipped Lugonu.
Lugonu was pleased with you.
You visited 1 branch of the dungeon, and saw 2 of its levels.
You visited the Abyss 1 time.

You collected 107 gold pieces.

Inventory:

Hand Weapons
 a - a +1 spear (weapon)
Armour
 n - a cursed +0 scale mail (worn)
 o - a +0 chain mail
Scrolls
 b - 3 scrolls of fog {unknown}
 c - 2 scrolls of teleportation {unknown}
 e - 2 scrolls of identify {unknown}
 g - a scroll of random uselessness {unknown}
 h - 3 scrolls of magic mapping {unknown}
 i - a scroll of enchant weapon {unknown}
 l - a scroll of blinking {unknown}
Potions
 j - a potion of attraction {unknown}
 k - a potion of heal wounds {unknown}
 m - a potion of haste


   Skills:
 * Level 3.9 Fighting
 + Level 2.5 Polearms
 * Level 2.5 Armour
 * Level 1.5 Dodging
 * Level 3.2 Invocations


You had 3 spell levels left.
You didn't know any spells.
Your spell library was empty.

Dungeon Overview and Level Annotations

Branches:
Dungeon (2/15)

Altars:


Innate Abilities, Weirdness & Mutations

You have large cloven feet.
Your flesh is cold resistant. (rC+)


Message History

You hit the scorpion but do no damage.
The scorpion is almost dead.
You barely miss the scorpion.
The scorpion is almost dead.
You feel sick. The scorpion stings you.
* * * LOW HITPOINT WARNING * * *
You closely miss the scorpion. Your kick misses the scorpion.
The scorpion is almost dead.
The scorpion closely misses you.
You puncture the scorpion!
You kill the scorpion!
Lugonu accepts your kill.
You feel your strength returning.
You feel your intelligence returning.
You have reached level 4!
You feel agile.
You feel a strong urge to attack something.
You feel your anger nearly subside.
You are no longer berserk.
You are exhausted.
You feel yourself slow down.
You die...

. # ### ..#
.....##### ..#
#......## ..#
######..# .# ..#
#..### ..# .<##
##...## #.### ...#
#######†.@.#.. #.#..
#..# ###............#
#.#.#
#††###...#######....#
#.#.# #..##..###
###...# #.#.#
..)...#### .#.#
##...# #.†..(.(.####
..... #...##
#..#####....####
##..## #..## #..#
####....# #.. #..#
#..# ####.#
#..####..#


There were no monsters in sight!

Vanquished Creatures
  A scorpion (D:2)
  An adder (D:2)
  A worm (D:2)
  A dart slug (D:2)
  2 leopard geckos
  A giant cockroach (D:1)
  2 goblins
  5 hobgoblins
  15 jackals
  6 kobolds
  A ball python (D:1)
  4 bats
  2 rats
42 creatures vanquished.

Notes
Turn   | Place    | Note
-------+----------+-------------------------------------------
     0 | Abyss:1  | robertstho the Demonspawn Abyssal Knight began the quest
                  | for the Orb.
     0 | Abyss:1  | Reached XP level 1. HP: 18/18 MP: 2/2
    40 | Abyss:1  | Noticed a starcursed mass
    41 | D:1      | Escaped the Abyss
   134 | D:1      | Reached skill level 1 in Dodging
   281 | D:1      | Gained mutation: Your flesh is cold resistant. (rC+)
                  | [demonic ancestry]
   281 | D:1      | Reached XP level 2. HP: 23/24 MP: 4/4
   298 | D:1      | Reached * piety under Lugonu
   949 | D:1      | Gained mutation: You have large cloven feet. [demonic
                  | ancestry]
   949 | D:1      | Reached XP level 3. HP: 26/29 MP: 5/5
  1454 | D:2      | Reached ** piety under Lugonu
  1459 | D:2      | Noticed a scorpion
  1481 | D:2      | HP: 1/45 [scorpion (3)]
  1483 | D:2      | Killed a scorpion
  1484 | D:2      | Reached XP level 4. HP: 1/37 MP: 6/6
  1487 | D:2      | Succumbed to a scorpion's poison

Illustrated notes

Levels and vault maps discovered:
D:1:      onia_arrival_mini_spirals, layout_loops_ring, minivault_5
D:2:      layout_rooms, minmay_heptomino_l4

Skill      XL: |  1  2  3 |
---------------+----------+-----
Dodging        | 1 |  1.5
Armour         | 2 |  2.5
Polearms       | 2 |  2.5
Invocations    | 3 |  3.2
Fighting       | |  3.9

Action                   |  1- 3 |  4- 6 || total
-------------------------+-------+-------++-------
Melee: Spear             |   183 |       ||   183
       Kick              |    22 |       ||    22
Invok: Depart the Abyss  |     1 |       ||     1
  Use: Potion            |     3 |       ||     3
Armor: Leather armour    |    22 |       ||    22
       Scale mail        |    34 |       ||    34
Dodge: Dodged            |    95 |       ||    95

Table legend: (Time is in decaauts)
 A = Elapsed time spent in this place.
 B = Non-inter-level travel time spent in this place.
 C = Inter-level travel time spent in this place.
 D = Time resting spent in this place.
 E = Time spent auto-exploring this place.
 F = Levels seen in this place.
 G = Mean time per level.
                   A        B        C        D        E       F      G
               +--------+--------+--------+--------+--------+-----+--------+
         Total |   1483 |   1442 |     41 |      0 |   1159 |   3 |  494.3 |
       Dungeon |   1442 |   1401 |     41 |      0 |   1119 |   2 |  721.0 |
         Abyss |     41 |     41 |      0 |      0 |     40 |   1 |   41.0 |
               +--------+--------+--------+--------+--------+-----+--------+

Top non-repeatable levels by time:
     D:1: 1085 daAuts
     D:2: 357 daAuts
 Abyss:1: 41 daAuts
